 Dungeon Crawl Stone Soup version 0.27-a0-40-g5f2be0e231 (webtiles) character file.

Game seed: 4143032390330886041

162 jestyr24 the Skirmisher (level 5, -1/43 HPs)
             Began as a Formicid Abyssal Knight on Jan 6, 2021.
             Was a Believer of Lugonu.
             Slain by an ogre
             ... wielding a +0 giant club
              (6 damage)
             ... on level 4 of the Dungeon.
             The game lasted 00:21:02 (3016 turns).

jestyr24 the Skirmisher (Formicid Abyssal Knight)   Turns: 3016, Time: 00:21:02

Health: -1/43      AC: 14    Str: 18    XL:     5   Next: 71%
Magic:  7/7        EV:  7    Int: 11    God:    Lugonu [**....]
Gold:   185        SH:  0    Dex: 10    Spells: 4/4 levels left

rFire    . . .     SeeInvis +   x - +0 war axe
rCold    . . .     Faith    +   (no shield)
rNeg     . . .     Spirit   .   l - +0 chain mail
rPois    .         Reflect  .   (helmet unavailable)
rElec    .         Harm     .   (no cloak)
rCorr    +         Rampage  .   h - +0 pair of gloves
Will     .....                  (no boots)
Stlth    ..........             e - amulet of faith
HPRegen  0.14/turn              w - +4 ring of protection
MPRegen  0.10/turn              y - ring of resist corrosion (curse)

@: no status effects
A: permanent stasis, dig shafts and tunnels, four strong arms, antennae 3
a: Dig, Shaft Self, Renounce Religion, Depart the Abyss, Bend Space


You were on level 4 of the Dungeon.
You worshipped Lugonu.
Lugonu was pleased with you.
You visited 1 branch of the dungeon, and saw 4 of its levels.
You visited the Abyss 1 time.

You collected 185 gold pieces.

Inventory:

Hand Weapons
 a - a +1 hand axe
 n - a +1 whip of holy wrath
 x - a +0 war axe (weapon)
Missiles
 c - 158 stones
 v - 16 poisoned darts
Armour
 b - a +0 leather armour
 h - a +0 pair of gloves (worn)
 l - a +0 chain mail (worn)
Jewellery
 e - an amulet of faith (around neck)
 u - an uncursed amulet of faith
 w - a +4 ring of protection (left hand)
 y - a cursed ring of resist corrosion (right hand)
Scrolls
 g - 7 scrolls of remove curse {unknown}
 i - a scroll of noise {unknown}
 j - a scroll of magic mapping {unknown}
 k - a scroll of random uselessness {unknown}
 m - a scroll of enchant armour {unknown}
 q - 3 scrolls of identify {unknown}
 r - 5 scrolls of teleportation {unknown}
 t - a scroll of blinking {unknown}
 A - a scroll of amnesia {unknown}
Potions
 d - 3 potions of curing {unknown}
 f - 3 potions of might {unknown}
 o - a potion of magic {unknown}
 p - a potion of attraction {unknown}
 s - 3 potions of heal wounds {unknown}
 z - a potion of flight {unknown}


   Skills:
 * Level 4.8 Fighting
 + Level 2.8 Axes
 + Level 3.0 Armour
 + Level 1.7 Dodging
 + Level 0.5 Stealth
 * Level 3.1 Invocations


You had 4 spell levels left.
You didn't know any spells.
Your spell library was empty.

Dungeon Overview and Level Annotations

Branches:
Dungeon (4/15)
 Temple: D:4-7

Altars:
Cheibriados
Dithmenos
Wu Jian


Innate Abilities, Weirdness & Mutations

You cannot be hasted, slowed, berserked, paralysed or teleported.
You can dig through walls and to a lower floor.
Your four strong arms can wield two-handed weapons with a shield.
You have a pair of large antennae on your head. (SInv)


Message History

The ogre closely misses you.
You completely miss the ogre. The ogre hits you with a +0 giant club!
A phantom comes into view.
You hit the ogre but do no damage. The ogre barely misses you.
You hit the ogre.
The ogre is lightly wounded.
A worker ant comes into view.
The ogre hits you with a +0 giant club!!
The worker ant moves out of view.
You slash the ogre!
The ogre is moderately wounded.
The ogre hits you with a +0 giant club!
* * * LOW HITPOINT WARNING * * *
You slash the ogre!
The ogre is heavily wounded.
The ogre hits you but does no damage.
You hit the ogre but do no damage.
The ogre is heavily wounded.
You hit the phantom. The ogre hits you with a +0 giant club.
You die...

##.###....# .##
#.......#.# ...
.#...##.#.####.###
##........).....#
#...#....[###.#.#
#.#............#.#####.
##.#.....####........
#.##.#.............. .
#.#.#...=@....#.. ##
###......OW...#
###...).....#
#............
#..........##
#..........#
#............
#..........##


You could see a phantom and an ogre.

Vanquished Creatures
  An orc priest (D:3)
  A hound skeleton (D:4)
  4 adders
  2 oozes (D:1)
  An adder skeleton (D:4)
  A worm (D:2)
  4 dart slugs
  5 leopard geckos
  4 orcs
  A ball python (D:3)
  6 bats
  A giant cockroach (D:2)
  4 goblins
  5 hobgoblins
  3 jackals (D:4)
  6 kobolds
  A quokka (D:3)
  3 frilled lizards
  5 rats
58 creatures vanquished.

Notes
Turn   | Place    | Note
-------+----------+-------------------------------------------
     0 | Abyss:1  | jestyr24 the Formicid Abyssal Knight began the quest for
                  | the Orb.
     0 | Abyss:1  | Reached XP level 1. HP: 18/18 MP: 2/2
    64 | Abyss:1  | Noticed a jelly
    66 | D:1      | Escaped the Abyss
   525 | D:1      | Reached XP level 2. HP: 23/24 MP: 3/3
   587 | D:1      | Reached * piety under Lugonu
   669 | D:1      | Reached XP level 3. HP: 30/30 MP: 4/4
   700 | D:1      | Reached skill level 4 in Fighting
   766 | D:1      | Reached skill level 1 in Dodging
  1213 | D:2      | Reached XP level 4. HP: 37/37 MP: 5/5
  1384 | D:2      | Found an ornate altar of the Wu Jian Council.
  1449 | D:2      | Reached ** piety under Lugonu
  1685 | D:2      | Found a snail-covered altar of Cheibriados.
  2226 | D:3      | Reached XP level 5. HP: 22/43 MP: 7/7
  2518 | D:3      | Found a shadowy altar of Dithmenos.
  3007 | D:4      | Noticed an ogre
  3011 | D:4      | Noticed a phantom
  3016 | D:4      | Slain by an ogre

Illustrated notes

Levels and vault maps discovered:
D:1:      dpeg_arrival_shelter, layout_rooms, minmay_tromino_v4_b
D:2:      layout_basic, cheibriados_altar_1, old_standard_altar
D:3:      layout_rooms, nicolae_dithmenos_through_a_glass_darkly
D:4:      layout_loops_ring, marbit_many_paths, general_overflow_altar,
          kennysheep_little_box

Skill      XL: |  1  2  3  4  5 |
---------------+----------------+-----
Fighting       | 4 |  4.8
Dodging        | 1 |  1.7
Invocations    | 3 |  3.1
Armour         | 3 |  3.0
Axes           | |  2.8
Stealth        | |  0.5

Action                   |  1- 3 |  4- 6 || total
-------------------------+-------+-------++-------
Melee: Hand axe          |    76 |    92 ||   168
       War axe           |       |    46 ||    46
Invok: Depart the Abyss  |     1 |       ||     1
Armor: Leather armour    |    19 |       ||    19
       Chain mail        |    17 |    94 ||   111
Dodge: Dodged            |    45 |    61 ||   106

Table legend: (Time is in decaauts)
 A = Elapsed time spent in this place.
 B = Non-inter-level travel time spent in this place.
 C = Inter-level travel time spent in this place.
 D = Time resting spent in this place.
 E = Time spent auto-exploring this place.
 F = Levels seen in this place.
 G = Mean time per level.
                   A        B        C        D        E       F      G
               +--------+--------+--------+--------+--------+-----+--------+
         Total |   3061 |   3022 |     39 |    976 |   1020 |   5 |  612.2 |
       Dungeon |   2995 |   2956 |     39 |    976 |    963 |   4 |  748.8 |
         Abyss |     66 |     66 |      0 |      0 |     57 |   1 |   66.0 |
               +--------+--------+--------+--------+--------+-----+--------+

Top non-repeatable levels by time:
     D:2: 1088 daAuts
     D:1: 1007 daAuts
     D:3: 745 daAuts
     D:4: 153 daAuts
 Abyss:1: 66 daAuts
